Description

zerg allin with nydus, 2 queens and 6 roaches

Replay - ZvX 12 pool into nydus

Build Order

Get SALT Encoding   

  12  0:17  Spawning Pool  
  11  0:24  Extractor  
  11  0:26  Drone x2  
  11  0:34  Drone  
  13  0:44  Overlord  
  13  0:50  Drone  
  14  1:06  Queen  
  16  1:14  Drone x2  
  18  1:42  Lair  
  18  1:48  Drone x3  
  21  1:57  Roach Warren  
  21  2:01  Drone  
  21  2:16  Overlord x2  
  21  2:41  Nydus Network  
  21  2:42  Queen  
  22  2:44  Zergling x2  
  22  2:46  Roach x2  
  27  2:56  Roach x2  
  31  3:07  Roach  
  33  3:17  Zergling x4  
  35  3:27  Nydus Canal  
  35  3:35  Roach  
  37  3:53  Nydus Canal  
  38  3:55  Zergling x2  
  14  4:45  Zergling x6  
Spawning Tool Build Advisor. Get it on Overwolf

Go to:

Details

  • Created by: ser
  • Published on: Mar 01, 2019
  • Modified on: Mar 01, 2019
  • Patch: 4.7.1
Show
View Real Time Build Order
Export as new Build Order

Comments (0)

There are no comments. Be the first!

Create an account to comment!